 Dungeon Crawl Stone Soup version 0.22-a0-429-g97ce8ef721 (webtiles) character file.

763 MirrMurr the Covert (level 7, 0/32 HPs)
             Began as a Spriggan Enchanter on May 25, 2018.
             Killed by divine providence
             ... invoked by an orc priest
              (12 damage)
             ... on level 3 of the Dungeon.
             The game lasted 00:08:49 (4391 turns).

MirrMurr the Covert (Spriggan Enchanter)            Turns: 4391, Time: 00:08:50

Health: 0/32       AC:  3    Str:  6    XL:     7   Next: 51%
Magic:  8/14       EV: 17    Int: 17    God:
Gold:   98         SH:  5    Dex: 16    Spells: 3/14 levels left

rFire    . . .     SeeInvis +   a - +1 dagger
rCold    . . .     Gourm    .   h - +0 buckler
rNeg     . . .     Faith    .   k - +1 robe
rPois    .         Spirit   .   (helmet restricted)
rElec    .         Reflect  .   (no cloak)
rCorr    .         Harm     .   (gloves unavailable)
MR       +....                  (boots unavailable)
Stlth    ++++......             (no amulet)
HPRegen  0.10/turn              (no ring)
MPRegen  0.14/turn              (no ring)

@: very quick
A: very small, unfitting armour, see invisible, herbivore, speed 3, slow
metabolism 2
a: no special abilities


You were on level 3 of the Dungeon.
You were not hungry.

You visited 1 branch of the dungeon, and saw 4 of its levels.

You collected 98 gold pieces.

Inventory:

Hand Weapons
 a - a +1 dagger (weapon)
 b - a +0 hunting sling
Missiles
 d - 101 stones (quivered)
 f - 2 curare-tipped needles
 g - 26 bolts
 p - 54 sling bullets
 t - 13 poisoned needles
Armour
 h - a +0 buckler (worn)
 k - a +1 robe (worn)
Scrolls
 e - 2 scrolls of teleportation
 l - a scroll of amnesia
 n - 2 scrolls of blinking
 r - 3 scrolls of remove curse
Potions
 i - 2 potions of heal wounds
 m - 2 potions of flight
 o - a potion of agility {unknown}
 q - 2 potions of curing {unknown}
 s - a potion of haste {unknown}
 u - a potion of mutation {unknown}
Comestibles
 c - 4 rations


   Skills:
 - Level 5.0 Short Blades
 - Level 3.0 Dodging
 - Level 8.0 Stealth
 - Level 4.0 Spellcasting
 * Level 6.9 Hexes


You had 3 spell levels left.
You knew the following spells:

 Your Spells              Type           Power        Failure   Level  Hunger
a - Ensorcelled Hibernat  Hex/Ice        ###...       10%         2    ##.....
b - Confuse               Hex            ####....     4%          3    ###....
c - Tukima's Dance        Hex            ####....     4%          3    ###....
d - Dazzling Spray        Conj/Hex       ###...       19%         3    ###....

Your spell library contained the following spells:

 Spells                   Type           Power        Failure   Level  Hunger
 Corona                   Hex            ####...      1%          1    None


Dungeon Overview and Level Annotations

Branches:
Dungeon (4/15)
 Temple: D:4-7

Altars:
Hepliaklqana
Kikubaaqudgha
Qazlal


Innate Abilities, Weirdness & Mutations

You are very small and have problems with some larger weapons.
You are too small for most types of armour.
You have supernaturally acute eyesight. (SInv)
You are a herbivore.
You cover ground extremely quickly.
You need to consume almost no food.


Message History

The giant cockroach is severely wounded.
The giant cockroach closely misses you.
The orc priest calls down the wrath of Beogh upon you.
Pain shoots through your body!
Casting: Ensorcelled Hibernation (safe; 10% risk of failure)
Confirm with . or Enter, or press ? or * to list all spells.
Aiming: Ensorcelled Hibernation (safe; 10% risk of failure)
Press: ? - help, Shift-Dir - straight line, f/p - orc priest
Aim: an orc priest, wielding a trident and wearing a chain mail (chance to defeat MR: 46%)
The orc priest resists with some effort.
The goblin misses you.
The giant cockroach completely misses you.
You block the orc priest's attack.
You are too injured to fight recklessly!
You hit the orc priest but do no damage.
The giant cockroach closely misses you. The goblin closely misses you.
The orc priest barely misses you.
The orc priest calls down the wrath of Beogh upon you.
Beogh smites you!
You die...

##.###.# #.#
#....#.# #.#
'..####.#.#
###.# .
#........#
...# ####.
..#######'###
#.####.#..
#..........#
#....†..†.
#..........#
#.#.########
#..........#
#......><...
#.......g@.#
#####.......
#......os..#
#.......
#..........#
####.......
#..........#
#.........#
########'###
#.........#
#.#
#....†....#
#..
+.........#
###
#.........#
#.........#


You could see an orc priest, a giant cockroach and a goblin.

Vanquished Creatures
  Grinder (D:3)
  Sigmund (D:2)
  A bullfrog (D:4)
  A bullfrog skeleton (D:4)
  A hound (D:4)
  Jessica (D:2)
  Terence (D:2)
  Natasha (thrice) (D:4)
  2 worker ants (D:4)
  A hound skeleton (D:4)
  2 adders
  2 oozes
  3 worms
  2 dart slugs
  2 leopard geckos
  11 orcs
  3 giant cockroaches
  A goblin (D:2)
  7 hobgoblins
  3 jackals (D:4)
  2 kobolds
  A quokka (D:4)
  3 bats (D:3)
  2 frilled lizards
  2 rats
59 creatures vanquished.

Notes
Turn   | Place    | Note
-------+----------+-------------------------------------------
     0 | D:1      | MirrMurr the Spriggan Enchanter began the quest for the Orb.
     0 | D:1      | Reached XP level 1. HP: 9/9 MP: 5/5
   347 | D:1      | Reached XP level 2. HP: 13/13 MP: 6/6
   362 | D:1      | Reached skill level 5 in Stealth
   375 | D:1      | Learned a level 2 spell: Ensorcelled Hibernation
   633 | D:2      | Noticed Jessica
   638 | D:2      | Killed Jessica
   638 | D:2      | Reached XP level 3. HP: 16/16 MP: 5/8
   991 | D:2      | Reached skill level 6 in Stealth
  1210 | D:2      | Noticed Terence
  1221 | D:2      | Killed Terence
  1221 | D:2      | Reached XP level 4. HP: 21/21 MP: 6/9
  1317 | D:2      | Noticed Sigmund
  1748 | D:2      | You fall through a shaft for 2 floors!
  1896 | D:4      | Learned a level 3 spell: Confuse
  1921 | D:4      | Reached skill level 7 in Stealth
  1921 | D:4      | Reached XP level 5. HP: 13/24 MP: 1/10
  2154 | D:3      | Noticed Grinder
  2287 | D:4      | Found a hazy altar of Hepliaklqana.
  2287 | D:4      | Found an ancient bone altar of Kikubaaqudgha.
  2325 | D:4      | Noticed Natasha
  2335 | D:4      | Killed Natasha
  2434 | D:4      | Reached skill level 8 in Stealth
  2664 | D:4      | Reached XP level 6. HP: 28/28 MP: 11/11
  2844 | D:4      | Reached skill level 5 in Short Blades
  2995 | D:4      | Found a stormy altar of Qazlal.
  2995 | D:4      | Noticed Natasha
  3016 | D:4      | Killed Natasha
  3270 | D:4      | Noticed Natasha
  3276 | D:4      | Killed Natasha
  3660 | D:3      | Killed Grinder
  3660 | D:3      | Reached skill level 5 in Hexes
  3660 | D:3      | Reached XP level 7. HP: 32/32 MP: 9/14
  3874 | D:2      | Killed Sigmund
  3999 | D:4      | Learned a level 3 spell: Tukima's Dance
  4003 | D:4      | Learned a level 3 spell: Dazzling Spray
  4391 | D:3      | Killed from afar by an orc priest

Vault maps used:
D:1:      lemuel_arrival_funnel
D:2:      uniq_sigmund, uniq_jessica, uniq_terence
D:3:      minmay_wonky_spiral, grunt_dithmenos_smoke, uniq_grinder
D:4:      nicolae_qazlal_eye_of_the_storm, gammafunk_temple_overflow_statue,
          uniq_natasha

Skill      XL: |  1  2  3  4  5  6  7 |
---------------+----------------------+-----
Stealth        | 5 6 7 8 |  8.0
Short Blades   | 2 3 4 5 |  5.0
Spellcasting   | 4 |  4.0
Hexes          | 5 6 |  6.9
Dodging        | |  3.0

Action                   |  1- 3 |  4- 6 |  7- 9 || total
-------------------------+-------+-------+-------++-------
Melee: Dagger            |    88 |    88 |    51 ||   227
Throw: Stone             |     5 |       |       ||     5
 Cast: Ensorcelled Hiber |     3 |    25 |    14 ||    42
       Confuse           |       |     4 |     3 ||     7
  Use: Scroll            |     1 |       |     6 ||     7
 Stab: Sleeping          |     8 |    23 |     6 ||    37
       Confused          |       |     3 |     1 ||     4
  Eat: Ration            |       |     1 |     1 ||     2
Armor: Robe              |     5 |     1 |     3 ||     9
Dodge: Dodged            |    49 |    68 |    62 ||   179
Block: Buckler           |       |     3 |    21 ||    24

Table legend:
 A = Spawn XP
 B = Non-spawn XP
 C = Spawn XP percentage of total XP
 D = Spawn monster count
 E = Non-spawn monster count
 F = Spawn count percentage of total count
 G = Total turns spent on level
                    A         B        C        D         E        F      G
               +---------+---------+-------+---------+---------+-------+---------
         Total |       0 |    1090 |   0.0 |       0 |      59 |   0.0 |  4391
               +---------+---------+-------+---------+---------+-------+---------
           D:1 |       0 |      20 |   0.0 |       0 |       7 |   0.0 |   718
           D:2 |       0 |     322 |   0.0 |       0 |      13 |   0.0 |  1094
           D:3 |       0 |     339 |   0.0 |       0 |      17 |   0.0 |   972
           D:4 |       0 |     409 |   0.0 |       0 |      22 |   0.0 |  1607
               +---------+---------+-------+---------+---------+-------+---------
